Map: Central Protocol

Players

SticklerMac - Winner!

  • Race: Zerg Zerg

Zergling

  • Race: Zerg Zerg

VOD

Have the link to the VOD?

Description

Time

  • Played on: Nov. 10, 2015, 12:39 a.m.
  • Length: 4:31
Show
View Real Time Build Order
Export as new Build Order

SticklerMac Zerg - Winner!

Build Orders: Hatch First, Zergling Baneling 

Get SALT Encoding   

  12  0:00  Drone  
  13  0:10  Drone  
  14  0:18  Overlord  
  14  0:26  Drone, Extractor  
  15  0:37  Drone x2  
  17  0:44  Drone  
  18  0:58  Hatchery  
  18  1:01  Drone  
  18  1:06  Extractor  
  17  1:18  Spawning Pool  
  16  1:21  Drone  
  17  1:29  Drone x2  
  19  1:38  Drone  
  20  1:50  Overlord  
  19  2:04  Queen  
  21  2:10  Metabolic Boost, Queen  
  21  2:15  Drone  
  24  2:17  Zergling x2  
  24  2:20  Zergling x2  
  26  2:24  Drone  
  26  2:27  Zergling x2  
  28  2:34  Drone  
  28  2:36  Zergling x2  
  30  2:42  Baneling Nest  
  29  2:46  Zergling x2  
  29  2:47  Zergling x2  
  31  2:55  Drone x2  
  33  3:03  Drone  
  34  3:16  Zergling x4  
  36  3:20  Overlord x3  
  35  3:42  Zergling x4  
  35  3:43  Zergling x8  
  41  3:48  Baneling  
  41  3:49  Baneling x7  
  41  3:50  Baneling  
  41  4:01  Zergling x4  
Show
View Real Time Build Order
Export as new Build Order

Zergling Zerg 

Build Orders: Pool First 

Get SALT Encoding   

  12  0:01  Drone  
  13  0:08  Drone  
  14  0:16  Overlord  
  14  0:34  Spawning Pool  
  13  0:37  Drone  
  14  0:43  Drone  
  14  0:46  Drone  
  16  1:12  Hatchery  
  16  1:14  Drone  
  16  1:17  Drone  
  17  1:27  Queen  
  17  1:32  Drone  
  20  1:42  Overlord  
  20  1:44  Drone  
  21  1:49  Drone  
  22  2:01  Zergling x2  
  22  2:02  Queen  
  22  2:05  Extractor  
  24  2:09  Extractor  
  23  2:16  Zergling x2  
  24  2:24  Drone x2  
  26  2:33  Zergling x2  
  26  2:36  Drone  
  28  2:37  Roach Warren  
  27  2:44  Drone  
  27  2:45  Drone x2  
  27  2:48  Drone x2  
  32  2:56  Overlord  
  32  2:58  Drone  
  33  3:06  Evolution Chamber  
  33  3:09  Evolution Chamber  
  32  3:12  Drone  
  32  3:23  Drone  
  32  3:24  Drone x2  
  35  3:30  Drone x2  
  37  3:40  Zergling x6  
  38  3:45  Zergling x2  
  38  3:46  Zergling x2  
  37  3:54  Drone  
  31  4:13  Zergling x8  
Tags
 
Add a new tag
Caveats
  • Supply blocks, unpowered buildings, or Contaminate may cause inaccurate times.
  • Supply counts are checked every 10 seconds.